 Dungeon Crawl Stone Soup version 0.25-a0-353-ged6d54792d (webtiles) character file.

Game seed: 7592133554484350388, levelgen mode: classic

432 Borgoz the Cudgeler (level 7, -2/44 HPs)
             Began as a Gargoyle Fighter on Jan 2, 2020.
             Slain by an ogre
             ... wielding a cursed +0 giant club
              (13 damage)
             ... on level 4 of the Dungeon.
             The game lasted 00:04:25 (3486 turns).

Borgoz the Cudgeler (Gargoyle Fighter)              Turns: 3486, Time: 00:04:25

Health: -2/44      AC: 15    Str: 21    XL:     7   Next: 0%
Magic:  7/7        EV: 10    Int:  8    God:
Gold:   133        SH:  0    Dex: 10    Spells: 6/6 levels left

rFire    + . .     SeeInvis .   a - +0 flail
rCold    . . .     Gourm    .   (no shield)
rNeg     + . .     Faith    .   b - +0 scale mail
rPois    ∞         Spirit   .   (no helmet)
rElec    +         Reflect  .   e - +0 cloak
rCorr    .         Harm     .   c - +1 pair of gloves
MR       .....                  (no boots)
Stlth    ..........             (no amulet)
HPRegen  0.14/turn              t - ring of protection from fire
MPRegen  0.10/turn              (no ring)

@: no status effects
A: negative energy resistance 1, electricity resistance, unbreathing,
petrification resistance, rot immunity, AC +4
a: no special abilities


You were on level 4 of the Dungeon.
You were not hungry.

You visited 1 branch of the dungeon, and saw 4 of its levels.
You also visited: Sewer.

You collected 133 gold pieces.

Inventory:

Hand Weapons
 a - a +0 flail (weapon)
Armour
 b - a +0 scale mail (worn)
 c - a +1 pair of gloves (worn)
 e - a +0 cloak (worn)
Jewellery
 t - a ring of protection from fire (left hand)
 w - an uncursed ring of positive energy {unknown}
 x - an uncursed amulet of magic regeneration {unknown}
Wands
 p - a wand of flame (27)
Scrolls
 h - a scroll of teleportation {unknown}
 k - a scroll of remove curse {unknown}
 l - 8 scrolls of identify {unknown}
 m - a scroll of noise {unknown}
 n - 2 scrolls of blinking {unknown}
 q - 2 scrolls of immolation {unknown}
 r - a scroll of fog {unknown}
 s - 2 scrolls of amnesia {unknown}
 y - a scroll of fear {unknown}
Potions
 d - a potion of might
 g - a potion of agility {unknown}
 i - 2 potions of curing {unknown}
 j - a potion of brilliance {unknown}
 o - a potion of lignification {unknown}
 u - a potion of haste {unknown}
 v - a potion of heal wounds {unknown}
 A - a potion of flight {unknown}
Comestibles
 f - 4 rations
 z - a chunk of flesh


   Skills:
 + Level 4.7 Fighting
 * Level 4.8 Maces & Flails
 + Level 4.7 Armour
 + Level 2.2 Dodging
   Level 3.2 Shields


You had 6 spell levels left.
You didn't know any spells.
Your spell library was empty.

Dungeon Overview and Level Annotations

Branches:
Dungeon (4/15)              Sewer (visited)
 Temple: D:4-7

Altars:
The Shining One


Innate Abilities, Weirdness & Mutations

You are resistant to torment.
Your stone body is resilient. (AC +4)
You are immune to poison.
You resist negative energy. (rN+)
You are resistant to electric shocks. (rElec)
You can survive without breathing.
You are immune to petrification.
You are immune to rotting.


Message History

The orc wizard points at you and mumbles some strange words.
The puff of flame hits you. You resist.
You hit the orc wizard.
The orc wizard is severely wounded.
The orc wizard hits you but does no damage.
You hit the orc wizard.
You kill the orc wizard!
You have reached level 7!
The orc completely misses you.
You hit the ogre but do no damage. The ogre closely misses you.
The orc hits you but does no damage.
You sock the ogre!
The ogre is heavily wounded.
The ogre hits you with a cursed +0 giant club!
* * * LOW HITPOINT WARNING * * *
The orc hits you but does no damage.
You sock the ogre!
The ogre is severely wounded.
The ogre hits you with a cursed +0 giant club!
You die...

..#..#....# ..
..##.#....# ..
........[...###.#
........†?...#..# #
.............#..# .#.
.............#..####....
..............{.#....#
...##.........o##...#
#............ooO@.#
#..........###o####
..####.....# #.# #.#
#....#.#...
>.###.....#......
...##...........O.
#.................#
#......#.#........#
##.....#......


You could see an ogre and 4 orcs.

Vanquished Creatures
  3 bullfrogs
  A hound (D:4)
  2 orc wizards
  5 adders
  2 worms (D:2)
  2 dart slugs (D:3)
  9 leopard geckos
  9 orcs
  2 bats
  13 giant cockroaches
  8 goblins
  4 hobgoblins
  8 jackals
  A quokka (D:3)
  A ball python (Sewer)
  7 frilled lizards
  9 kobolds
  A leopard gecko skeleton (D:4)
  5 rats
92 creatures vanquished.

Notes
Turn   | Place    | Note
-------+----------+-------------------------------------------
     0 | D:1      | Borgoz the Gargoyle Fighter began the quest for the Orb.
     0 | D:1      | Reached XP level 1. HP: 14/14 MP: 1/1
    11 | D:1      | Noticed an electric eel
    11 | D:1      | Noticed an electric eel
   188 | D:1      | Reached XP level 2. HP: 6/19 MP: 2/2
   833 | D:1      | Reached XP level 3. HP: 23/23 MP: 3/3
  1108 | D:2      | Found a glowing golden altar of the Shining One.
  1631 | D:2      | Reached skill level 1 in Dodging
  1858 | D:3      | Reached XP level 4. HP: 29/29 MP: 4/4
  1962 | D:3      | Found a glowing drain.
  2002 | Sewer    | Entered a sewer
  2126 | Sewer    | Reached XP level 5. HP: 26/33 MP: 5/5
  2305 | Sewer    | Reached XP level 6. HP: 3/39 MP: 6/6
  3483 | D:4      | Reached XP level 7. HP: 27/44 MP: 7/7
  3486 | D:4      | Slain by an ogre

Levels and vault maps discovered:
D:1:      arrival_aquarium_b, layout_loops_cross
D:2:      layout_basic, overflow_temple_1_default
D:3:      layout_basic, gup_sewer_entry_pipe
D:4:      layout_cave_pools, first_ration

Skill      XL: |  1  2  3  4  5  6 |
---------------+-------------------+-----
Maces & Flails | 3 4 |  4.8
Dodging        | 1 2 |  2.2
Fighting       | 4 |  4.7
Armour         | 4 |  4.7
Shields        | |  3.2

Action                   |  1- 3 |  4- 6 |  7- 9 || total
-------------------------+-------+-------+-------++-------
Melee: Flail             |   139 |   267 |     3 ||   409
  Use: Potion            |       |     1 |       ||     1
  Eat: Chunk             |     3 |     6 |       ||     9
Armor: Scale mail        |   106 |   198 |     2 ||   306
Dodge: Dodged            |    95 |   179 |     2 ||   276

Table legend:
 A = Non-vault XP
 B = Vault XP
 C = Vault XP percentage of total XP
 D = Non-vault monster count
 E = Vault monster count
 F = Vault count percentage of total count
                 A         B        C        D         E       F
            +---------+---------+-------+---------+---------+-------
      Total |     379 |     239 |  38.7 |      66 |      26 |  28.3
            +---------+---------+-------+---------+---------+-------
        D:1 |      41 |       0 |   0.0 |      24 |       0 |   0.0
        D:2 |      35 |       0 |   0.0 |      10 |       0 |   0.0
        D:3 |     195 |      18 |   8.5 |      21 |       8 |  27.6
        D:4 |     108 |       0 |   0.0 |      11 |       0 |   0.0
      Sewer |       0 |     221 | 100.0 |       0 |      18 | 100.0
            +---------+---------+-------+---------+---------+-------
